 Dungeon Crawl Stone Soup version 0.31-a0-150-g89dc3ad700 (webtiles) character file.

Game seed: 11167352414886371791

37 qw the Shooter (level 3, -1/21 HPs)
             Began as a Gargoyle Hunter on June 8, 2023.
             Slain by a worm (7 damage)
             ... on level 2 of the Dungeon.
             The game lasted 00:00:22 (1178 turns).

qw the Shooter (Gargoyle Hunter)                    Turns: 1178, Time: 00:00:23

Health: -1/21      AC:  8    Str: 14    XL:     3   Next: 41%
Magic:  3/3        EV: 10    Int:  9    God:
Gold:   81         SH:  0    Dex: 15    Spells: 2/2 levels left

rFire   . . .        Y - +0 shortbow
rCold   . . .        (shield currently unavailable)
rNeg    + . .        i - +0 ring mail
rPois   inf          (no helmet)
rElec   +            (no cloak)
rCorr   .            (no gloves)
SInv    .            (no boots)
Will    .....        (no amulet)
Stlth   +            (no ring)
HPRegen 0.23/turn    (no ring)
MPRegen 0.08/turn

%: no passive effects
@: no status effects
A: sickness immunity, AC +3, negative energy resistance 1, electricity
resistance, torment resistance 1, petrification resistance
a: no special abilities


You were on level 2 of the Dungeon.
You visited 1 branch of the dungeon, and saw 2 of its levels.

You collected 81 gold pieces.


Innate Abilities, Weirdness & Mutations

You are immune to sickness and miasma.
Your stone body is resilient. (AC +3)
You are immune to poison.
You resist negative energy. (rN+)
You are resistant to electric shocks. (rElec)
You are resistant to unholy torment.
You are immune to petrification.


   Skills:
 + Level 2.2 Fighting
 - Level 5.0 Ranged Weapons
 - Level 1.0 Armour
 - Level 1.5 Dodging
 - Level 1.1 Stealth


You had 2 spell levels left.
You didn't know any spells.
Your spell library was empty.

Inventory:

Hand Weapons
 Y - a +0 shortbow (weapon)
Armour
 i - a +0 ring mail (worn)
Scrolls
 a - a scroll of enchant weapon {unknown}
 b - a scroll of teleportation {unknown}
 h - a scroll of enchant armour
Potions
 e - a potion of curing
 g - a potion of degeneration {unknown}
 j - a potion of resistance {unknown}
 k - a potion of heal wounds {unknown}

Dungeon Overview and Level Annotations

Branches:
Dungeon (2/15)

Altars:

Shops:
D:1 [

Annotations:
D:2 Sigmund


Message History

You shoot an arrow. The arrow barely misses the jackal.
The arrow hits the worm but does no damage.
The worm is moderately wounded.
The jackal bites you. The jackal barely misses you.
Something hits you but does no damage.
The jackal bites you but does no damage. x2
You shoot an arrow.
The arrow hits the jackal but does no damage.
The jackal barely misses you.
The jackal bites you but does no damage.
Something hits you.
The jackal bites you but does no damage.
You shoot an arrow. The arrow misses the jackal.
The arrow hits the worm.
The worm is moderately wounded.
The jackal misses you. The jackal closely misses you.
The jackal bites you but does no damage.
Something hits you but does no damage. The jackal completely misses you.
You shoot an arrow. The arrow barely misses the jackal.
The arrow hits the worm!
The worm is almost dead.
The jackal bites you but does no damage.
The jackal completely misses you. The jackal barely misses you.
Something hits you but does no damage.
You shoot an arrow. The arrow hits the worm.
The worm is almost dead.
The jackal closely misses you. x2
The jackal bites you but does no damage. x2
The worm bites you but does no damage.
You shoot an arrow. The arrow hits the worm.
The worm is almost dead.
The jackal misses you. Something completely misses you.
The jackal bites you but does no damage. x2
You shoot an arrow. The arrow barely misses the worm.
The jackal barely misses you. The jackal misses you. Something hits you.
The jackal barely misses you. The worm barely misses you.
The jackal closely misses you.
You shoot an arrow. The arrow hits the worm.
The worm is almost dead.
The jackal bites you. The jackal closely misses you. Something hits you.
The jackal closely misses you. The worm bites you!
You die...

###.....####
#.......+..#
#.#.....##.## #######
#.########.## ......^
#.#......#.## .......
#.#.####.#%## .....{.
#.#....#.#...
......h#####.#.##.#...##
......h@...........>#.#
......w.........).#.#.##
..............###%..#<#.
..............##..#.###.
.......#########.##.#...
....... #.##.#.##
############# #.##.#.#
#....# #.##.#.# #....#
#.##...#


You could see a worm and 2 jackals.

Vanquished Creatures
  An adder (D:2)
  A worm (D:2)
  A bat (D:1)
  An endoplasm (D:1)
  2 goblins
  2 hobgoblins (D:1)
  2 jackals (D:2)
  5 quokkas
  A ball python (D:1)
  2 frilled lizards
  3 kobolds
  4 rats
25 creatures vanquished.

Notes
Turn   | Place    | Note
-------+----------+-------------------------------------------
     0 | D:1      | qw the Gargoyle Hunter began the quest for the Orb.
     0 | D:1      | Reached XP level 1. HP: 12/12 MP: 1/1
     0 | D:1      | 0 ||| qw: Version: 0.2-a-119-g7aa9181
     0 | D:1      | 0 ||| qw: Game counter: 2826
     0 | D:1      | 0 ||| qw: Always use a shield: true
     0 | D:1      | 0 ||| qw: God list: Okawaru
     0 | D:1      | 0 ||| qw: Allow faded altars: false
     0 | D:1      | 0 ||| qw: Do Orc after D:15 true
     0 | D:1      | 0 ||| qw: Do second Lair branch before Depths: true
     0 | D:1      | 0 ||| qw: Lair rune preference: random
     0 | D:1      | 0 ||| qw: Plans: Normal
     0 | D:1      | 0 ||| PLANNING D:1-11
   223 | D:1      | Found a faded altar of an unknown god.
   265 | D:1      | Reached XP level 2. HP: 17/17 MP: 2/2
   650 | D:1      | Found Upikhluw's Antique Armour Shoppe.
   791 | D:1      | 791 ||| UPGRADING to +0 ring mail.
   801 | D:1      | 801 ||| DROPPING +0 leather armour.
   802 | D:1      | 802 ||| READING scroll labelled UBEQEY IJINY.
   803 | D:1      | 803 ||| READING scroll labelled LIHE SUIJAM.
   804 | D:1      | 804 ||| READING 2 scrolls labelled QUF NUESIEPHA.
   805 | D:1      | 805 ||| DRINKING 2 bubbling grey potions.
   806 | D:1      | 806 ||| DROPPING scroll of butterflies.
   896 | D:2      | HP: 2/17 [worm (7)]
  1038 | D:2      | Reached skill level 1 in Armour
  1056 | D:2      | Reached XP level 3. HP: 16/21 MP: 3/3
  1163 | D:2      | Noticed Sigmund
  1166 | D:2      | Reached skill level 5 in Ranged Weapons
  1178 | D:2      | Slain by a worm

Levels and vault maps discovered:
D:1:      elethiomel_arrival_shortcut, layout_loops_ring,
          dreamdust_ecumenical_altar_grove, serial_shops, shop,
          chequers_decorated_corner
D:2:      layout_basic, uniq_crazy_yiuf_cottage, uniq_sigmund

Skill      XL: |  1  2  3 |
---------------+----------+-----
Armour         | 1 |  1.0
Ranged Weapons | 5 |  5.0
Fighting       | |  2.2
Dodging        | |  1.5
Stealth        | |  1.1

Action                     || total
---------------------------++-------
   Fire: Shortbow          ||    90
    Use: Scroll            ||     3
         Potion            ||     1
 Armour: Leather armour    ||     4
         Ring mail         ||    32
  Dodge: Dodged            ||    45

Table legend:
 A = Non-vault XP
 B = Vault XP
 C = Vault XP percentage of total XP
 D = Non-vault monster count
 E = Vault monster count
 F = Vault count percentage of total count
                 A         B        C        D         E       F
            +---------+---------+-------+---------+---------+-------
      Total |      54 |       0 |   0.0 |      25 |       0 |   0.0
            +---------+---------+-------+---------+---------+-------
        D:1 |      22 |       0 |   0.0 |      14 |       0 |   0.0
        D:2 |      32 |       0 |   0.0 |      11 |       0 |   0.0
            +---------+---------+-------+---------+---------+-------
